[Event "30e Open International de Saint Affrique"]
[Site "Saint Affrique, France"]
[Date "2024.07.24"]
[Round "6.2"]
[White "Flear, Glenn"]
[Black "Le Roux, Jean-Pierre"]
[Result "1/2-1/2"]
[TimeControl "1h30/40 + 30min + sec/mv"]
[WhiteTitle "GM"]
[BlackTitle "GM"]
[WhiteElo "2390"]
[BlackElo "2480"]

1. d4 g6 2. e4 Bg7 3. c4 c5 4. d5 d6 5. Nc3 e6 6. Bf4 Nf6 7. Nf3 exd5 8. cxd5 O-O 9. Nd2 Ng4 10.
Be2 Ne5 11. O-O Na6 12. Nc4 Nxc4 13. Bxc4 Nc7 14. a4 Rb8 15. Qd3 h5 16. Rfe1 Re8 17. Rab1 Qf6 18. Qg3 h4 19. Qg5 Qxg5 20.
Bxg5 a6 21. Bxh4 b5 22. Bf1 bxa4 23. Nxa4 Bd7 24. Nc3 Bxc3 25. bxc3 Rxb1 26. Rxb1 Rxe4 27. Bg3 Nxd5 28. Bxd6 Nxc3 29.
Rb8+ Kg7 30. f3 Re1 31. Kf2 Re6 32. Bxc5 Nd1+ 33. Kg3 Bb5 34. Bd4+ f6 35. Bxb5 axb5 36. Rxb5 Ne3 37. Rb7+ Kg8 38.
Bxe3 Rxe3 39. h4 Re2 40. Kh3 Re5 41. g4 Rd5 42. Kg3 Rc5 43. Rd7 Rb5 44. Kf4 Re5 45. Rc7 Kf8 46. Rd7 1/2-1/2

[Event "30e Open International de Saint Affrique"]
[Site "Saint Affrique, France"]
[Date "2024.07.24"]
[Round "6.3"]
[White "Travadon, Loic"]
[Black "Siva Kumar, Nirish"]
[Result "1/2-1/2"]
[TimeControl "1h30/40 + 30min + sec/mv"]
[WhiteTitle "IM"]
[WhiteElo "2458"]
[BlackElo "1954"]

1. d4 d5 2. Bf4 c5 3. e3 Nc6 4. Nf3 Nf6 5. Nbd2 cxd4 6. exd4 Bf5 7. c3 e6 8. Be2 Bd6 9. Bxd6 Qxd6 10.
O-O O-O 11. Nh4 Bg6 12. Nxg6 hxg6 13. f4 a6 14. Bd3 b5 15. a3 Na5 16. g4 Rab8 17. b4 Nc4 18. Bxc4 dxc4 19. Qf3 a5 20.
Rae1 axb4 21. axb4 Ra8 22. Re5 Ra2 23. Ne4 Nxe4 24. Qxe4 Qa6 25. f5 Qa3 26. Qf3 Ra1 27. Rxb5 Rxf1+ 28. Kxf1 Qc1+ 29. Kg2 Qd2+ 30. Kg3 exf5 31. gxf5 Qg5+ 32. Kh3 Qh6+ 33. Kg2 Qd2+ 34. Kh3 Qh6+ 35. Kg2 Qd2+ 36. Kh3 Qh6+ 37.
Kg3 Qg5+ 38. Kh3 Qh6+ 39. Kg2 Qd2+ 1/2-1/2

[Event "30e Open International de Saint Affrique"]
[Site "Saint Affrique, France"]
[Date "2024.07.24"]
[Round "6.4"]
[White "Martinez, Felicien"]
[Black "Kim, Jisu"]
[Result "0-1"]
[TimeControl "1h30/40 + 30min + sec/mv"]
[WhiteElo "1995"]
[BlackElo "2077"]

1. a3 d5 2. d4 Bf5 3. Nf3 e6 4. e3 Bd6 5. c4 c6 6. Nc3 Nf6 7. Nh4 Bg4 8. f3 Bh5 9. g3 O-O 10.
Bd3 Nbd7 11. cxd5 cxd5 12. O-O Rc8 13. Qb3 Qb6 14. Qxb6 Nxb6 15. e4 Be7 16. e5 Nfd7 17. f4 f5 18.
Ng2 Nc4 19. Bxc4 Rxc4 20. Ne3 Rxd4 21. Nb5 Rd3 22. Nc7 Bc5 23. Nxe6 Bxe3+ 24. Bxe3 Rxe3 25. Nxf8 Nxf8 26. Rac1 Be8 27.
g4 fxg4 28. Rc7 Bc6 29. b4 Ng6 30. e6 Kf8 31. Rf7+ Ke8 32. Rxg7 Rxe6 33. f5 Re7 34. f6 Rf7 35. Rg8+ Kd7 36.
Rg7 Ke6 37. Re1+ Kxf6 38. Rxf7+ Kxf7 0-1

[Event "30e Open International de Saint Affrique"]
[Site "Saint Affrique, France"]
[Date "2024.07.24"]
[Round "6.5"]
[White "Genkeswaran, Genivan"]
[Black "Gibaud, Elian"]
[Result "1/2-1/2"]
[TimeControl "1h30/40 + 30min + sec/mv"]
[WhiteElo "1994"]
[BlackElo "2061"]

1. d4 Nf6 2. c4 e6 3. Nc3 Bb4 4. e3 O-O 5. Nge2 d5 6. a3 Be7 7. cxd5 exd5 8. Nf4 c6 9. Bd3 Na6 10.
O-O Nc7 11. h3 Ne6 12. Nxe6 Bxe6 13. Ne2 Qd7 14. Nf4 Bf5 15. Re1 Bd6 16. Qc2 Bxd3 17. Nxd3 Bc7 18. b4 Ne4 19. Nc5 Qd6 20.
Nxe4 dxe4 21. Qxe4 Rae8 22. Qg4 f5 23. Qf3 Qxd4 24. Rb1 Qe4 25. Qxe4 Re7 26. Qe5 Rxe5 27. Bb2 Re4 28. Rbc1 Rd8 29. Rcd1 Ree8 30. Bd4 Bb6 31. Bxb6 axb6 32. Kf1 Kf7 1/2-1/2

[ePGN "0.1;DGT LiveChess/2.2.6"]

[Event "30e Open International de Saint Affrique"]
[Site "Saint Affrique, France"]
[Date "2024.07.25"]
[Round "7.2"]
[White "Kim, Jisu"]
[Black "Travadon, Loic"]
[Result "0-1"]
[TimeControl "1h30/40 + 30min + sec/mv"]
[BlackTitle "IM"]
[WhiteElo "2077"]
[BlackElo "2458"]

1. e4 c5 2. Nf3 d6 3. Bb5+ Nc6 4. Bxc6+ bxc6 5. e5 f6 6. exd6 e5 7. d3 Bxd6 8. Nfd2 Ne7 9. Nc4 Bc7 10.
O-O O-O 11. Nbd2 f5 12. Re1 Ng6 13. Nf3 Qd5 14. Qe2 Re8 15. Bd2 Ba6 16. Ba5 Rac8 17. Bxc7 Rxc7 18. b3 Rce7 19. Nfd2 Nf4 20.
Qf3 Bxc4 21. bxc4 Qd6 22. Nf1 g5 23. Ng3 Rf8 24. Rab1 h5 25. Qd1 h4 26. Ne2 Ne6 27. Rb3 h3 28.
g3 g4 29. Qb1 Ng5 30. Kh1 Nf3 31. Rd1 f4 32. Nc3 fxg3 33. fxg3 Nd2 34. Ne4 Nxe4 35. dxe4 Ref7 36. Rg1 Qd4 37.
Qe1 Rf1 0-1

[Event "30e Open International de Saint Affrique"]
[Site "Saint Affrique, France"]
[Date "2024.07.25"]
[Round "7.3"]
[White "Flear, Glenn"]
[Black "Bassal, Samuel"]
[Result "1-0"]
[TimeControl "1h30/40 + 30min + sec/mv"]
[WhiteTitle "GM"]
[WhiteElo "2390"]
[BlackElo "1978"]

1. d4 e6 2. c4 b6 3. e4 Bb7 4. Bd3 Nc6 5. Nf3 Nb4 6. Nc3 Nxd3+ 7. Qxd3 Bb4 8. d5 Ne7 9. O-O Bxc3 10.
Qxc3 O-O 11. b3 Ng6 12. Bb2 f6 13. Rad1 Qe7 14. d6 Qf7 15. dxc7 Bxe4 16. Ba3 Rfc8 17. Bd6 e5 18. Rfe1 Bc6 19.
g3 Nf8 20. Nh4 g6 21. f4 e4 22. f5 g5 23. Ng2 h5 24. Ne3 Nh7 25. Nd5 Re8 26. Qc2 g4 27. Rxe4 Rxe4 28. Qxe4 Ng5 29.
Qe7 Bxd5 30. cxd5 Re8 31. Qd8 Nh3+ 32. Kf1 1-0

[Event "30e Open International de Saint Affrique"]
[Site "Saint Affrique, France"]
[Date "2024.07.25"]
[Round "7.4"]
[White "Siva Kumar, Nirish"]
[Black "Buscara, Sevan"]
[Result "1/2-1/2"]
[TimeControl "1h30/40 + 30min + sec/mv"]
[BlackTitle "IM"]
[WhiteElo "1954"]
[BlackElo "2187"]

1. Nf3 c5 2. g3 b6 3. Bg2 Bb7 4. O-O Nf6 5. d3 d6 6. e4 Nbd7 7. Re1 e6 8. Nbd2 Be7 9. Nf1 O-O 10.
h4 Qc7 11. b3 b5 12. Ne3 Rab8 13. a4 a6 14. Bd2 Bc6 15. a5 Rfe8 16. Qe2 Bf8 17. Qf1 Rbc8 18. Ng5 h6 19. Nh3 d5 20.
exd5 exd5 21. Nf5 d4 22. Bf4 Qb7 23. b4 Bxg2 24. Qxg2 Qxg2+ 25. Kxg2 Rxe1 26. Rxe1 cxb4 27. Nxd4 g6 28.
Ng1 Nd5 29. Bd2 Bg7 30. Ngf3 Nc5 31. Rc1 Ne6 32. Nb3 Nc3 33. Bxc3 Bxc3 34. Kf1 g5 35. hxg5 hxg5 36. Ne1 f5 37.
Ng2 f4 38. gxf4 gxf4 39. Nh4 Kf7 40. Nf5 Rc6 41. d4 Nc7 42. Rd1 Nd5 43. Nh4 Kf6 44. Nf3 Kf5 45. Nc5 Rh6 46. Ke2 Bb2 47. Re1 Rh3 48. Nxa6 Nc3+ 49. Kf1 Rxf3 50. Kg2 Kg4 51.
Re8 b3 52. cxb3 Rd3 53. Rg8+ Kh5 54. Rf8 Ne2 55. Nc7 Rxb3 56. d5 Ba3 57. Rh8+ Kg6 58. a6 f3+ 59. Kh3 Bd6 60. Rg8+ Kf7 61.
a7 Ra3 62. Nxb5 Rxa7 63. Nxa7 Kxg8 64. Kg4 Bc5 65. Nc6 Nc3 66. Kxf3 Nxd5 67. Ne5 Nf6 68. Ng4 Nd7 69. Ke4 Kg7 70.
f4 Bb4 71. f5 Bc3 72. Kd5 Nb6+ 73. Ke6 Na4 74. f6+ Bxf6 1/2-1/2

[Event "30e Open International de Saint Affrique"]
[Site "Saint Affrique, France"]
[Date "2024.07.25"]
[Round "7.5"]
[White "Bruneau, Laurent"]
[Black "Genkeswaran, Genivan"]
[Result "1/2-1/2"]
[TimeControl "1h30/40 + 30min + sec/mv"]
[WhiteTitle "FM"]
[WhiteElo "2179"]
[BlackElo "1994"]

1. e4 e6 2. d4 d5 3. Nc3 dxe4 4. Nxe4 Bd7 5. Nf3 Bc6 6. Bd3 Nd7 7. Qe2 Ngf6 8. Bf4 Nxe4 9. Bxe4 Bxe4 10.
Qxe4 c6 11. O-O-O Nf6 12. Qe2 Be7 13. Ne5 O-O 14. Rd3 Nd5 15. Bd2 Bg5 16. Rg3 Bxd2+ 17. Qxd2 f6 18. Nd3 Re8 19. Re1 Qd6 20.
c4 Ne7 21. Nc5 Nf5 22. Ne4 Qe7 23. Rd3 Nd6 24. Nxd6 Qxd6 25. g3 1/2-1/2

[ePGN "0.1;DGT LiveChess/2.2.6"]

[Event "30e Open International de Saint Affrique"]
[Site "Saint Affrique, France"]
[Date "2024.07.26"]
[Round "8.1"]
[White "Degraeve, Jean-Marc"]
[Black "Flear, Glenn"]
[Result "1-0"]
[TimeControl "1h30/40 + 30min + sec/mv"]
[WhiteTitle "GM"]
[BlackTitle "GM"]
[WhiteElo "2480"]
[BlackElo "2390"]

1. e4 e5 2. Nf3 Nc6 3. d4 exd4 4. Nxd4 Bc5 5. Nb3 Bb6 6. Nc3 Nge7 7. Bf4 d6 8. Qd2 Ng6 9. Bg5 f6 10.
Be3 Bxe3 11. Qxe3 O-O 12. O-O-O f5 13. exf5 Bxf5 14. h3 Kh8 15. g3 a5 16. a3 Qf6 17. f4 Rfe8 18. Qd2 Nf8 19.
Bg2 a4 20. Nd4 Nxd4 21. Qxd4 Qxd4 22. Rxd4 Ne6 23. Rd5 g6 24. Rb5 Nd4 25. Rxb7 c5 26. Nd5 Re2 27. Nf6 g5 28. g4 Bxc2 29.
f5 Ra7 30. Rb8+ Kg7 31. Ne8+ Kh6 32. Bd5 Rae7 33. Nxd6 Nb3+ 34. Bxb3 Bxb3 35. Rb6 Rc2+ 36. Kb1 Kg7 37. f6+ Kxf6 38.
Nc8+ Re6 39. Rf1+ Kg7 40. Rxe6 Bxe6 41. Kxc2 Bxc8 42. b3 1-0

[Event "30e Open International de Saint Affrique"]
[Site "Saint Affrique, France"]
[Date "2024.07.26"]
[Round "8.2"]
[White "Travadon, Loic"]
[Black "Gibaud, Elian"]
[Result "1-0"]
[TimeControl "1h30/40 + 30min + sec/mv"]
[WhiteTitle "IM"]
[WhiteElo "2458"]
[BlackElo "2061"]

1. e4 c5 2. Nf3 e6 3. d4 cxd4 4. Qxd4 Nc6 5. Qe3 a6 6. Bd3 Nf6 7. Nc3 Qc7 8. O-O Be7 9. Qg5 g6 10.
e5 h6 11. Qf4 Nh5 12. Qe3 Ng7 13. Re1 b6 14. Nd2 Bb7 15.
Nc4 b5 16. Nd6+ Bxd6 17. exd6 Qxd6 18. Ne4 Qe7 19. Qb6 Ra7 20. Bf4 d5 21. Bd6 Qd8 22. Bc7 1-0

[Event "30e Open International de Saint Affrique"]
[Site "Saint Affrique, France"]
[Date "2024.07.26"]
[Round "8.3"]
[White "Raggini, Lionel"]
[Black "Le Roux, Jean-Pierre"]
[Result "0-1"]
[TimeControl "1h30/40 + 30min + sec/mv"]
[BlackTitle "GM"]
[WhiteElo "1977"]
[BlackElo "2480"]

1. e4 g6 2. d4 Bg7 3. Nc3 c6 4. Be3 d5 5. e5 Qb6 6. Rb1 Nh6 7. Nf3 Bg4 8. Be2 e6 9. Qd2 Nf5 10.
Na4 Qc7 11. Bf4 Nd7 12. O-O O-O 13. h3 Bxf3 14. Bxf3 c5 15. c3 cxd4 16. cxd4 Qc4 17. Nc5 Nxc5 18. dxc5 Qxc5 19. Rbc1 Qd4 20.
Rc7 Qxd2 21. Bxd2 Rab8 22. Bf4 Nd4 23. Rfc1 Nc6 24. Re1 Rfc8 25. Rxc8+ Rxc8 26. Bd1 Nb4 27. Re2 Nd3 28. g3 Nxf4 29.
gxf4 Rc1 30. Rd2 Bh6 31. Rd4 Bxf4 32. Rxf4 Rxd1+ 33. Kg2 Rc1 34. Rb4 b6 35. a4 Rc5 36. b3 Kg7 37. Kf3 Rc3+ 38.
Kg2 g5 39. a5 Rc6 40. h4 h6 41. hxg5 hxg5 42. Kf3 Kg6 43. Kg4 bxa5 44. Rb8 Kg7 45. Kxg5 Rb6 46. Ra8 Rxb3 47. Rxa7 Rf3 0-1

[Event "30e Open International de Saint Affrique"]
[Site "Saint Affrique, France"]
[Date "2024.07.26"]
[Round "8.4"]
[White "Buscara, Sevan"]
[Black "Delaplace, Thomas"]
[Result "1-0"]
[TimeControl "1h30/40 + 30min + sec/mv"]
[WhiteTitle "IM"]
[WhiteElo "2187"]
[BlackElo "1991"]

1. Nf3 f5 2. d3 d6 3. e4 e5 4. Nc3 Nf6 5. g3 Be7 6. Nh4 d5 7. exf5 d4 8. Ne4 O-O 9. Ng5 Bb4+ 10.
Bd2 Qe7 11. Bg2 1-0

[Event "30e Open International de Saint Affrique"]
[Site "Saint Affrique, France"]
[Date "2024.07.26"]
[Round "8.5"]
[White "Garde, Guillaume"]
[Black "Siva Kumar, Nirish"]
[Result "1/2-1/2"]
[TimeControl "1h30/40 + 30min + sec/mv"]
[WhiteElo "2082"]
[BlackElo "1954"]

1. e4 e5 2. Nf3 Nc6 3. Bc4 Nf6 4. d3 h6 5. O-O d6 6. c3 g5 7. Nbd2 Bg7 8. Bb3 a5 9. a4 O-O 10. Nc4 d5 11. Ncxe5 Nxe5 12.
Nxe5 dxe4 13. dxe4 Qxd1 14. Rxd1 Nxe4 15. Nd3 Nd6 16. Be3 Re8 17. Re1 Be6 18. Bxe6 Rxe6 19. Rad1 b6 20. Bc1 Rae8 21.
Kf1 f5 22. f3 Kf7 23. Rxe6 Rxe6 24. Re1 c5 25. Rxe6 Kxe6 26. Ke2 Kd5 27. Be3 Bf6 28. h4 f4 29. hxg5 hxg5 30. Bd2 Nf5 31.
Be1 Bd8 32. Bf2 Kc4 33. Nc1 Bc7 34. Kd2 Kd5 35. Ne2 Nh6 36. Kd3 c4+ 37. Kd2 Nf7 38. Bd4 Bd8 39. Ng1 Kc6 40. Ne2 b5 41.
axb5+ Kxb5 42. Kc2 a4 43. Kd2 Be7 44. Ng1 Nd6 45. Ne2 Nf5 46. Bf2 Bd6 47. Nd4+ Nxd4 48. Bxd4 Be7 49. Ke2 Kc6 50.
Kd2 Kd5 51. Ke2 Ke6 52. Kf2 Kf5 53. Ke2 Kg6 54. Kf2 Kh5 55. Kf1 Bd6 56. Ke2 Kg6 57. Kf2 Kf5 58. Ke2 Be7 59. Kf2 g4 60.
Ke2 Kg5 61. Kf1 Kf5 62. Ke2 Bd6 63. Kf2 Kg5 64. Kf1 Kh5 65. Kg1 Be7 66. Kf1 Bh4 67. Be5 Bg5 68. Bd4 gxf3 69. gxf3 Bh4 70.
Be5 Kg5 71. Bd6 Kf5 72. Bc5 Ke5 73. Ke2 Bd8 74. Bb4 Bb6 75. Be7 Be3 76. Ba3 Kf6 77. Kf1 Kg5 78. Kg2 Bc1 79. Kf2 Be3+ 80.
Kg2 Kf5 81. Kf1 Ke6 82. Ke2 Kd5 83. Kd1 Bb6 84. Ke2 Bd8 85. Kd2 Ke6 86. Ke2 Kf5 87. Kf1 Bb6 88. Kg2 Be3 89. Kf1 Bc1 90.
Kg2 Bd2 91. Kf1 Ke5 92. Ke2 Be3 1/2-1/2

[ePGN "0.1;DGT LiveChess/2.2.6"]

[Event "30e Open International de Saint Affrique"]
[Site "Saint Affrique, France"]
[Date "2024.07.27"]
[Round "9.1"]
[White "Degraeve, Jean-Marc"]
[Black "Travadon, Loic"]
[Result "1/2-1/2"]
[TimeControl "1h30/40 + 30min + sec/mv"]
[WhiteTitle "GM"]
[BlackTitle "IM"]
[WhiteElo "2480"]
[BlackElo "2458"]

1. e4 e5 2. Nf3 Nc6 3. Nc3 Nf6 4. Bb5 Bb4 5. O-O Bxc3 6. bxc3 O-O 7. d3 d6 8. Bxc6 bxc6 9. Bg5 Bg4 10.
h3 Be6 11. c4 1/2-1/2

[Event "30e Open International de Saint Affrique"]
[Site "Saint Affrique, France"]
[Date "2024.07.27"]
[Round "9.2"]
[White "Le Roux, Jean-Pierre"]
[Black "Buscara, Sevan"]
[Result "1-0"]
[TimeControl "1h30/40 + 30min + sec/mv"]
[WhiteTitle "GM"]
[BlackTitle "IM"]
[WhiteElo "2480"]
[BlackElo "2187"]

1. c4 c6 2. e4 d5 3. exd5 cxd5 4. d4 Nf6 5. Nc3 Nc6 6. Bg5 Be6 7. a3 g6 8. Be2 Bg7 9. Bf3 Qb6 10.
Bxf6 Bxf6 11. cxd5 Nxd4 12. dxe6 Qxb2 13. Rc1 Nxf3+ 14. gxf3 Bxc3+ 15. Kf1 fxe6 16. Ne2 Be5 17. Qa4+ b5 18.
Qe4 O-O 19. Kg2 Qxa3 20. Rhd1 Bd6 21. Nd4 Qa2 22. Nxe6 Rfc8 23. Ng5 Rf8 24. Rxd6 exd6 25. Rc7 Rae8 26. Qb7 1-0

[Event "30e Open International de Saint Affrique"]
[Site "Saint Affrique, France"]
[Date "2024.07.27"]
[Round "9.3"]
[White "Flear, Glenn"]
[Black "Garde, Guillaume"]
[Result "1-0"]
[TimeControl "1h30/40 + 30min + sec/mv"]
[WhiteTitle "GM"]
[WhiteElo "2390"]
[BlackElo "2082"]

1. d4 d5 2. c4 dxc4 3. e3 e5 4. Bxc4 exd4 5. exd4 Bd6 6. Nf3 Nf6 7. O-O O-O 8. Nc3 Nc6 9. h3 h6 10.
Qc2 Na5 11. Bd3 Nc6 12. a3 Be6 13. Rd1 Nd5 14. Ne4 Re8 15. Nc5 Bxc5 16. dxc5 Qf6 17. Bh7+ Kh8 18. Be4 Rad8 19. Bd2 Qe7 20.
Re1 Qf8 21. Rad1 Nf6 22. Bxc6 bxc6 23. b4 Bd5 24. Ne5 Re6 25. Re3 Qe8 26. Bc3 Kg8 27. Qe2 Nd7 28. Ng4 Rxe3 29. Nxe3 Qe6 30.
Qa6 Nf6 31. Bxf6 Qxf6 32. Qxa7 Re8 33. Qxc7 Rxe3 34. fxe3 Qg5 35. Rxd5 Qxd5 36. Kh2 Qe4 37. Qb8+ Kh7 38. Qf4 Qe6 39.
a4 g5 40. Qd4 Qb3 41. a5 Qa4 42. Qf6 Qxb4 43. Qxf7+ Kh8 44. Qe8+ Kg7 45. Qd7+ Kg8 46. Qxc6 Qxa5 47. Qg6+ Kf8 48.
Qxh6+ Kf7 49. Qxg5 Qc3 50. h4 Ke6 51. h5 Qh8 52. h6 Qb8+ 53. Qf4 Qb1 54. e4 Qd1 55. Qd6+ 1-0

[Event "30e Open International de Saint Affrique"]
[Site "Saint Affrique, France"]
[Date "2024.07.27"]
[Round "9.4"]
[White "Ciarletta, Ulysse"]
[Black "Ouakhir, Mehdi"]
[Result "1-0"]
[TimeControl "1h30/40 + 30min + sec/mv"]
[BlackTitle "FM"]
[WhiteElo "2139"]
[BlackElo "2210"]

1. d4 d5 2. c4 e6 3. Nf3 c6 4. Qc2 Nf6 5. g3 dxc4 6. Qxc4 b5 7. Qc2 Bb7 8. Bg2 Nbd7 9. O-O Be7 10.
Rd1 Qb6 11. a4 a6 12. a5 Qa7 13. Nc3 Rc8 14. Ne5 O-O 15. Nxd7 Nxd7 16. e4 Rfd8 17. Qe2 c5 18. d5 Nf8 19.
h4 Qa8 20. h5 h6 21. Bh3 Bf6 22. Be3 Bxc3 23. bxc3 exd5 24. Bxc8 Rxc8 25. Qg4 Ne6 26. Bxh6 d4 27. f3 Kh8 28.
Bf4 Rc6 29. h6 gxh6 30. Be5+ Kh7 31. Qf5+ Kg8 32. Qf6 Kf8 33. Qxh6+ Ke8 34. Qh8+ Ke7 35. Bf6+ Kd7 36. Qxa8 Bxa8 37.
cxd4 cxd4 38. Bxd4 Ke7 39. Kf2 Rc2+ 40. Ke3 Rg2 41. g4 Rg3 42. Be5 Rg2 43. Rd2 Rxd2 44. Kxd2 Nc5 45. Ke3 Nd7 46. Bg3 Nf8 47. Rc1 Ne6 48.
f4 Kd8 1-0

[Event "30e Open International de Saint Affrique"]
[Site "Saint Affrique, France"]
[Date "2024.07.27"]
[Round "9.5"]
[White "Bassal, Samuel"]
[Black "Bruneau, Laurent"]
[Result "1/2-1/2"]
[TimeControl "1h30/40 + 30min + sec/mv"]
[BlackTitle "FM"]
[WhiteElo "1978"]
[BlackElo "2179"]

1. d4 d5 2. Nf3 Nf6 3. c4 e6 4. e3 c5 5. Bd3 Nc6 6. O-O Be7 7. Nc3 O-O 8. b3 cxd4 9. exd4 b6 10.
Bb2 Bb7 11. cxd5 Nxd5 12. Nxd5 Qxd5 13. Bc4 Qh5 14. d5 Rad8 15. Qe2 exd5 16. Bb5 Bc5 17. Rfe1 Rd6 18. a3 a5 19. Rac1 Rh6 20.
h3 d4 21. Bxc6 Rxc6 22. Nxd4 Qxe2 23. Nxe2 Rd6 24. Ng3 Rd2 25. Re2 Rxb2 26. Rxb2 Bxa3 27. Rc7 Bxb2 28. Rxb7 Bd4 29. Ne2 Bc5 30.
Nc3 h5 31. Na4 Bd4 32. Nxb6 Re8 33. Kf1 Bc3 34. g3 Re1+ 35. Kg2 Bd4 36. Nd5 Re2 37. Kf3 Rxf2+ 38. Ke4 Bc5 39. Rb5 Bd6 40.
Rxa5 Bxg3 41. Ne7+ Kf8 42. Nf5 Bb8 43. Nd4 Bh2 44.
Ra8+ Ke7 45. Nf5+ Kf6 46. Ra6+ Kg5 47. Nxg7 Rf4+ 48. Ke3 Rb4 49. Ra5+ Kg6 50. Nxh5 Rxb3+ 51. Kf2 Rxh3 52. Ra6+ Kxh5 53.
Rf6 Kg4 54. Rxf7 Bf4 55. Rg7+ Bg5 56. Ke2 Re3+ 57. Kf2 Rd3 58. Rg8 Rd2+ 59. Ke1 Rg2 60. Kd1 Kf3 61. Rf8+ Ke3 62. Rf7 Ke4 63.
Rg7 Rd2+ 64. Ke1 Bf4 65. Re7+ Kf3 66. Re8 Rc2 67. Rd8 Rc6 68. Rd7 Rc2 69. Rd8 Rg2 70. Kd1 Ke4 71. Re8+ Be5 72.
Rd8 Bd4 73. Re8+ Kd3 74. Re7 Rd2+ 75. Ke1 Rg2 76. Kd1 Rg1+ 77. Re1 Rg6 78. Re8 Bb6 79. Re7 Rg1+ 80. Re1 Rg8 81. Re7 Bc5 82.
Rd7+ Bd4 83. Re7 Rf8 84. Re6 Bc5 85. Re5 Be3 86. Rd5+ Bd4 87. Ke1 Rg8 88. Rf5 Ke3 89. Kd1 Kd3 90.
Ke1 Ke4 91. Rf7 Rg2 92. Re7+ Kd3 93. Kd1 Ra2 94. Rc7 Ra1+ 95. Rc1 Ra8 96. Rc7 Ra6 97. Rc8 Rg6 98. Re8 Bb6 99. Re7 Rg8 100.
Rd7+ Bd4 101. Re7 Rg5 102. Re8 Rg1+ 103. Re1 Rg8 104.
Re7 Rc8 1/2-1/2